AoeStats
← bleakshadow

African Clearing

505229782Analyzed
4v4 RM · 25d ago on Sep 8, 2026· 38m 6s· 8 players
Game mode
Random Map
Map size
Large (8 player)
Population
200
Speed
Normal
Resources
Standard
Victory
Conquest
Starting age
Dark Age
Ending age
Imperial Age
RankedLock teamsTeams togetherTeam positionsShared explorationLock speedFull tech treeHidden civsTurbo modeCheats
Victory
Defeat
🇯🇵 Hindustanis · Japan
1455
+12
🇨🇳 Huns · China
1396
+14
🇨🇳 Britons · China
1389
+15
🇨🇳 Gurjaras · China
1385
+15
🇺🇿 Goths · Uzbekistan
1444
-18
🇨🇱 Britons · Chile
1347
-13
🇧🇷 Turks · Brazil
1342
-13
🇨🇳 Persians · China
1303
-12
fumisaiji
7:42 Loom
12:58 Feudal Age
16:34 Castle Age
15:24 Double-Bit Axe
16:48 Light Cavalry
20:27 Horse Collar
22:28 Town Watch
23:21 Scale Barding Armor
24:22 Wheelbarrow
27:06 Forging
27:48 Chain Barding Armor
28:27 Bow Saw
28:48 Bloodlines
28:38 Husbandry
29:09 Heavy Plow
34:17 Imperial Age
32:46 Iron Casting
32:11 Scale Mail Armor
32:07 Gold Mining
32:07 Stone Mining
32:49 Hand Cart
32:53 Squires
32:39 Arson
34:05 Grand Trunk Road
35:16 Chain Mail Armor
35:58 Conscription
35:29 Heavy Camel Rider
37:39 Blast Furnace
36:58 Husbandry
38:03 Plate Barding Armor
37:27 Imperial Camel Rider
38:13 Fletching
39:40 Chemistry
39:00 Ballistics
38:51 Masonry
bleakshadow
7:51 Loom
12:14 Feudal Age
14:17 Double-Bit Axe
17:01 Scale Barding Armor
20:21 Castle Age
20:31 Bloodlines
21:24 Bow Saw
22:00 Husbandry
25:29 Wheelbarrow
25:20 Horse Collar
27:35 Chain Barding Armor
27:37 Gold Mining
29:19 Stone Mining
29:56 Heavy Plow
35:14 Imperial Age
33:00 Hand Cart
33:53 Stone Shaft Mining
33:55 Gold Shaft Mining
34:33 Forging
36:15 Iron Casting
36:12 Kshatriyas
36:43 Crop Rotation
37:01 Stone Shaft Mining
37:13 Elite Shrivamsha Rider
38:32 Plate Barding Armor
0.0
12:48 Feudal Age
16:56 Castle Age
15:40 Double-Bit Axe
16:05 Horse Collar
17:51 Loom
20:55 Bow Saw
26:09 Wheelbarrow
29:47 Hand Cart
29:24 Gold Mining
29:25 Stone Mining
32:44 Imperial Age
30:30 Scale Barding Armor
30:36 Forging
31:12 Marauders
32:12 Gold Shaft Mining
31:45 Husbandry
31:57 Bloodlines
32:55 Heavy Plow
34:02 Chain Barding Armor
33:22 Elite Tarkan
36:15 Plate Barding Armor
38:23 Iron Casting
39:39 Two-Man Saw
老头
6:00 Loom
14:31 Feudal Age
16:20 Double-Bit Axe
19:00 Castle Age
18:06 Horse Collar
21:12 Bow Saw
23:56 Fletching
26:38 Wheelbarrow
27:36 Bodkin Arrow
28:28 Gold Mining
29:04 Hand Cart
29:11 Stone Mining
29:43 Padded Archer Armor
32:32 Ballistics
33:07 Gold Shaft Mining
33:56 Yeomen
39:28 Imperial Age
AER发到手软
3:05 Loom
12:57 Feudal Age
13:55 Horse Collar
14:13 Double-Bit Axe
20:21 Castle Age
21:14 Bow Saw
21:08 Heavy Plow
22:42 Wheelbarrow
25:57 Hand Cart
26:13 Gold Mining
26:13 Stone Mining
27:58 Town Watch
29:21 Gold Shaft Mining
29:21 Stone Shaft Mining
29:45 Town Patrol
31:07 Forging
31:03 Scale Barding Armor
31:12 Bloodlines
35:33 Imperial Age
33:12 Husbandry
33:47 Kamandaran
34:32 Iron Casting
35:40 Chain Barding Armor
35:16 Heavy Camel Rider
38:06 Blast Furnace
37:42 Plate Barding Armor
karbid
3:01 Loom
13:19 Feudal Age
17:58 Castle Age
16:27 Double-Bit Axe
16:31 Horse Collar
19:15 Wheelbarrow
18:53 Squires
19:11 Town Watch
21:39 Ballistics
21:15 Fletching
22:06 Bodkin Arrow
27:59 Hand Cart
33:52 Heavy Plow
34:07 Bow Saw
37:47 Imperial Age
35:44 Scale Mail Armor
35:27 Pikeman
37:12 Forging
Furatripa
3:34 Loom
12:27 Feudal Age
13:14 Double-Bit Axe
24:52 Castle Age
23:06 Horse Collar
24:06 Forging
24:58 Stone Mining
26:55 Gold Mining
Diegote
13:13 Feudal Age
16:39 Castle Age
17:10 Double-Bit Axe
17:53 Loom
23:17 Fletching
24:33 Padded Archer Armor
26:26 Ballistics
26:54 Bodkin Arrow
29:10 Leather Archer Armor
29:55 Gold Mining
31:22 Wheelbarrow
36:43 Imperial Age
Connection lost

Rejoining the realm…

Still unreachable

The connection could not be restored.

Session expired

The server has moved on; the page needs a fresh start.